 Dungeon Crawl Stone Soup version 0.16-a0-3913-g9d9d7ce (webtiles) character file.

233 Furman the Archer (level 5, -7/41 HPs)
             Began as a Centaur Hunter on Feb 4, 2015.
             Killed by divine providence
             ... invoked by an orc priest
              (14 damage)
             ... on level 3 of the Dungeon.
             The game lasted 00:08:05 (1983 turns).

Furman the Archer (Centaur Hunter)                  Turns: 1983, Time: 00:08:06

Health: -7/41      AC:  5    Str: 14    XL:     5   Next: 75%
Magic:  4/4        EV:  9    Int: 10    God:
Gold:   156        SH:  0    Dex: 11    Spells: 0 memorised, 4 levels left

rFire  . . .     SeeInvis .     r - +2 hand axe (venom)
rCold  . . .     Clarity  .     d - +0 leather armour
rNeg   + . .     SustAb   .     (no shield)
rPois  .         Gourm    .     u - +0 helmet
rElec  .         Spirit   .     (no cloak)
rCorr  .         Warding  +     (no gloves)
rMut   .         Stasis   .     (no barding)
MR     .....                    h - amulet of warding
Stlth  +.........               (no ring)
                                (no ring)

@: very quick, not resistant to hostile enchantments, very unstealthy
A: hooves 3, deformed body, speed 2, tough skin 3
a: no special abilities


You were on level 3 of the Dungeon.
You were not hungry.

You visited 1 branch of the dungeon, and saw 3 of its levels.

You collected 156 gold pieces.

Inventory:

Hand weapons
 a - a +0 short sword
 b - a +1 shortbow
 r - a +2 hand axe of venom (weapon)
Missiles
 c - 16 arrows
Armour
 d - a +0 leather armour (worn)
 u - a +0 helmet (worn)
Jewellery
 h - an amulet of warding (around neck)
Scrolls
 e - 2 scrolls of remove curse
 l - a scroll of amnesia
 o - 2 scrolls of fear
 q - a scroll of enchant armour {unknown}
 v - a scroll of recharging {unknown}
 w - a scroll of fog {unknown}
 x - a scroll of identify
Potions
 i - a potion of curing
 k - a potion of cancellation {unknown}
 m - a potion of degeneration {unknown}
 s - a potion of brilliance {unknown}
 t - a potion of mutation {unknown}
Comestibles
 f - a bread ration
 g - a meat ration
 j - 14 fruits
 n - a slice of pizza
 p - 4 chunks of flesh


   Skills:
 - Level 2.0 Fighting
 + Level 1.0 Axes
 + Level 9.1 Bows
 - Level 1.3 Dodging
 - Level 0.5 Stealth


You had 4 spell levels left.
You didn't know any spells.

Dungeon Overview and Level Annotations

Branches:
Dungeon (3/15)

Altars:
Elyvilon
Makhleb
Yredelemnul


Innate Abilities, Weirdness & Mutations

You have hooves in place of feet.
Armour fits poorly on your strangely shaped body.
You cover ground very quickly.
You have extremely tough skin (AC +3).


Message History

You hit the phantom. You kick the phantom.
The phantom is moderately damaged.
The phantom barely misses you.
You barely miss the phantom. You kick the phantom, but do no damage.
The phantom is moderately damaged.
The phantom hits you.
You closely miss the phantom.
The phantom is moderately damaged.
The phantom closely misses you. The phantom hits you.
The phantom blinks!
You hit the phantom.
The phantom is moderately damaged.
The phantom hits you!
The phantom blinks!
An orc priest comes into view. It is wielding a mace.
The orc priest moves out of view.
The phantom hits you!
* * * LOW HITPOINT WARNING * * *
The phantom blinks!
The orc priest invokes the aid of Beogh against you.
Something smites you!
You die...

. #...... . .... #...#+#
....#.# #.#.#.# ###. #..o.
#.#.#.# #.. .... #...... ####
##'#+##.# # #.#.#.# .....
#(......###.#######.#.#
.......##....§......<.........[
........'W....@..$..########..#
#########...<...###.... #††#
####..#.# # ##.# #...#.#
#.###.# #..##.§.# ####....>#
#..####.# ........... #..####.#
########## #.....# # #....
#########'###.# #########.###


You could see a phantom and an orc priest.

Vanquished Creatures
  The ghost of Somebody the Grasshopper, a weakling SpWr (D:3)
  An orc priest (D:3)
  An orc wizard (D:3)
  2 adders (D:2)
  4 gnolls (D:3)
  2 giant mites (D:1)
  A giant gecko (D:2)
  9 orcs (D:3)
  3 ball pythons
  2 giant cockroaches (D:2)
  6 hobgoblins
  8 bats
  6 giant newts
  9 goblins
  A jackal (D:1)
  6 kobolds
  5 rats
67 creatures vanquished.

Notes
Turn   | Place    | Note
--------------------------------------------------------------
     0 | D:1      | Furman, the Centaur Hunter, began the quest for the Orb.
     0 | D:1      | Reached XP level 1. HP: 17/17 MP: 1/1
   264 | D:1      | Reached XP level 2. HP: 19/24 MP: 2/2
   359 | D:1      | Reached skill level 6 in Bows
   618 | D:1      | Reached XP level 3. HP: 29/29 MP: 3/3
   928 | D:2      | Reached skill level 7 in Bows
  1211 | D:2      | Reached XP level 4. HP: 32/36 MP: 3/3
  1483 | D:3      | Found a burning altar of Makhleb.
  1597 | D:3      | Found a white marble altar of Elyvilon.
  1653 | D:3      | Reached skill level 8 in Bows
  1733 | D:3      | Reached XP level 5. HP: 35/41 MP: 4/4
  1755 | D:3      | Found a basalt altar of Yredelemnul.
  1823 | D:3      | Noticed Somebody's ghost (weakling SpWr)
  1854 | D:3      | Killed Somebody's ghost
  1854 | D:3      | Reached skill level 1 in Axes
  1854 | D:3      | Reached skill level 9 in Bows
  1960 | D:3      | Noticed a phantom
  1983 | D:3      | Killed from afar by an orc priest

Action                   |  1- 3 |  4- 6 || total
-------------------------+-------+-------++-------
Melee: Hand axe          |       |    57 ||    57
 Fire: Shortbow          |   153 |    31 ||   184
  Use: Scroll            |       |     5 ||     5
  Eat: Chunk             |       |     2 ||     2
